 Dungeon Sprint DCSS version 0.16-a0-3803-gd4b2de5 (console) character file.

19 Monkaria the Slasher (level 2, 29/29 HPs)
             Began as a Hill Orc Fighter on Jan 26, 2015.
             Was an Initiate of Makhleb.
             Quit the game in the Dungeon (Sprint IX: "|||||||||||||||||||||||||||||").
             The game lasted 00:00:26 (185 turns).

Monkaria the Slasher (Hill Orc Fighter)              Turns: 185, Time: 00:00:26

Health: 29/29      AC:  6    Str: 18    XL:     2   Next: 75%
Magic:  2/2        EV:  7    Int:  8    God:    Makhleb [......]
Gold:   0          SH:  9    Dex: 10    Spells: 0 memorised, 1 level left

rFire  . . .     SeeInvis .     a - +0 long sword
rCold  . . .     Clarity  .     b - +0 scale mail
rNeg   . . .     SustAb   .     c - +0 shield
rPois  .         Gourm    .     (no helmet)
rElec  .         Spirit   .     (no cloak)
rCorr  .         Warding  .     (no gloves)
rMut   .         NoTele   +     (no boots)
MR     .....                    (no amulet)
Stlth  ..........               (no ring)
                                (no ring)

@: not resistant to hostile enchantments, extremely unstealthy
A: no striking features
a: Renounce Religion


You were in the Dungeon.
You worshipped Makhleb.
Makhleb was noncommittal.
You were not hungry.

You visited 1 branch

Inventory:

Hand weapons
 a - a +0 long sword (weapon)
Armour
 b - a +0 scale mail (worn)
 c - a +0 shield (worn)
Magical devices
 o - a wand of draining (7)
Scrolls
 k - 2 scrolls of blinking
 m - 3 scrolls of remove curse
 n - 2 scrolls of amnesia
Potions
 e - a potion of might
 f - 5 potions of curing
 g - 3 potions of heal wounds
 h - a potion of haste
 i - 4 potions of magic
 j - a potion of berserk rage
 l - a potion of invisibility
Comestibles
 d - a meat ration


   Skills:
 + Level 5.0 Fighting
 * Level 5.2 Long Blades
 - Level 3.2 Armour
 - Level 3.2 Shields


You had one spell level left.
You didn't know any spells.

Dungeon Overview and Level Annotations

Branches:
Dungeon (1/1)

Altars:
Cheibriados
Dithmenos
Elyvilon
Fedhas
Gozag
Kikubaaqudgha
Makhleb
Nemelex Xobeh
Okawaru
Qazlal
Ru
Sif Muna
Trog
Vehumet
Xom
Yredelemnul
Zin
The Shining One
Beogh
Jiyva
Lugonu


Message History

There is a blossoming altar of Fedhas here.
There is a snail-covered altar of Cheibriados here.
There is a shadowy altar of Dithmenos here.
There is a stormy altar of Qazlal here.
There is an opulent altar of Gozag here.
There is a sacrificial altar of Ru here.
You open the door.
Found seven items.
Found a +3 ring of dexterity.
There is an open door here.
Found a +3 ring of intelligence.
i - 4 potions of magic (gained 2);
l - a potion of invisibility
g - 3 potions of heal wounds (gained 2);
f - 5 potions of curing (gained 4)
m - 3 scrolls of remove curse;
n - 2 scrolls of amnesia
k - 2 scrolls of blinking (gained 1)
o - a wand of draining (7)
You see here an uncursed staff of energy.
Items here: ))))))
Okay, then.
Are you sure you want to abandon this character and quit the game? (Confirm with "yes".)

▓_▓
▓_▓
▓_▓
▓_▓
▓'▓
▓.▓
▓.▓
▓|▓
▓@▓
▓[▓
▓[▓
▓[▓
▓=▓
▓=▓
▓+▓


There were no monsters in sight!

Vanquished Creatures
  An adder (D)
  An ooze (D)
  3 goblins (D)
  A jackal (D)
  A ball python (D)
  A ball python skeleton (D)
  A giant cockroach zombie (D)
  A rat (D)
10 creatures vanquished.

Notes
Turn   | Place    | Note
--------------------------------------------------------------
     0 | D        | Monkaria, the Hill Orc Fighter, began the quest for the Orb.
     0 | D        | Reached XP level 1. HP: 19/19 MP: 1/1
     8 | D        | Reached skill level 4 in Fighting
    24 | D        | Reached XP level 2. HP: 25/28 MP: 2/2
    45 | D        | Reached skill level 5 in Fighting
    45 | D        | Reached skill level 5 in Long Blades
    52 | D        | Found a glowing silver altar of Zin.
    52 | D        | Found a glowing golden altar of the Shining One.
    52 | D        | Found an ancient bone altar of Kikubaaqudgha.
    52 | D        | Found a basalt altar of Yredelemnul.
    52 | D        | Found a shimmering altar of Xom.
    52 | D        | Found a radiant altar of Vehumet.
    52 | D        | Found an iron altar of Okawaru.
   153 | D        | Found a burning altar of Makhleb.
   154 | D        | Found a deep blue altar of Sif Muna.
   155 | D        | Found a bloodstained altar of Trog.
   156 | D        | Found a sparkling altar of Nemelex Xobeh.
   157 | D        | Found a white marble altar of Elyvilon.
   158 | D        | Found a roughly hewn altar of Beogh.
   159 | D        | Found a viscous altar of Jiyva.
   160 | D        | Found a corrupted altar of Lugonu.
   161 | D        | Found a blossoming altar of Fedhas.
   162 | D        | Became a worshipper of Makhleb the Destroyer
   163 | D        | Found a snail-covered altar of Cheibriados.
   164 | D        | Found a shadowy altar of Dithmenos.
   165 | D        | Found a stormy altar of Qazlal.
   166 | D        | Found an opulent altar of Gozag.
   167 | D        | Found a sacrificial altar of Ru.
   185 | D        | Quit the game

Action                   || total
-------------------------++-------
Melee: Long sword        ||    34
